AoeStats
← yyassir.adamo17

Enclosed

506081571Analyzed
1v1 RM · 21d ago on Sep 12, 2026· 64m 21s· 2 players
Game mode
Random Map
Map size
Tiny (2 player)
Population
200
Speed
Normal
Resources
Standard
Victory
Conquest
Starting age
Dark Age
Ending age
Imperial Age
RankedLock teamsTeams togetherTeam positionsShared explorationLock speedFull tech treeHidden civsTurbo modeCheats
Victory
Defeat
🇨🇭 Lithuanians · Switzerland
772
+15
🇲🇿 Huns · Mozambique
734
-34
yyassir.adamo17
11:00 Feudal Age
9:19 Loom
13:06 Double-Bit Axe
18:51 Castle Age
22:15 Forging
22:08 Fletching
33:38 Thumb Ring
35:32 Husbandry
37:28 Pikeman
40:07 Gold Mining
40:07 Stone Mining
45:10 Ballistics
51:57 Murder Holes
55:34 Scale Mail Armor
el-eglino
2:56 Loom
10:44 Feudal Age
13:09 Wheelbarrow
15:43 Double-Bit Axe
18:22 Bloodlines
18:22 Scale Barding Armor
21:16 Castle Age
19:42 Padded Archer Armor
20:24 Stone Mining
21:16 Scale Mail Armor
21:25 Gold Mining
22:18 Horse Collar
22:24 Pikeman
23:39 Heavy Plow
25:23 Crossbowman
26:07 Squires
26:47 Sanctity
30:27 Bow Saw
32:50 Hand Cart
32:21 Town Watch
33:29 Husbandry
34:22 Chain Mail Armor
34:24 Leather Archer Armor
35:52 Hill Forts
40:01 Imperial Age
40:17 Town Patrol
41:10 Conscription
42:21 Chemistry
43:39 Block Printing
43:35 Fervor
45:56 Cavalier
46:40 Tower Shields
47:14 Halberdier
51:02 Forging
50:43 Fletching
51:42 Thumb Ring
52:49 Elite Leitis
57:38 Arson
58:19 Paladin
61:55 Chain Barding Armor
62:06 Ring Archer Armor
61:31 Bodkin Arrow
61:30 Man-at-Arms
Connection lost

Rejoining the realm…

Still unreachable

The connection could not be restored.

Session expired

The server has moved on; the page needs a fresh start.